 Dungeon Crawl Stone Soup version 0.18-a0-1303-g41c131c (webtiles) character file.

70714 kae the Swashbuckler (level 14, -6/74 HPs)
             Began as a Spriggan Enchanter on Feb 12, 2016.
             Was the Champion of Dithmenos.
             Mangled by an ogre
             ... wielding a +0 giant spiked club
              (29 damage)
             ... on level 2 of the Orcish Mines.
             The game lasted 00:55:17 (22561 turns).

kae the Swashbuckler (Spriggan Enchanter)          Turns: 22561, Time: 00:55:17

Health: -6/74      AC:  5    Str: 11    XL:     14   Next: 95%
Magic:  31/31      EV: 31    Int: 18    God:    Dithmenos [******]
Gold:   1172       SH:  8    Dex: 20    Spells: 6 memorised, 21 levels left

rFire  . . .     SeeInvis +     Z - +8 dagger of the Lair of Beasts {drain, rElec Str+2}
rCold  + . .     Gourm    .     P - +0 robe of Qumakh {rC+ Str+2}
rNeg   . . .     Faith    .     Q - +0 buckler "Wuakhlut" {*Drain rElec Regen+ Slay+4}
rPois  .         Spirit   .     (helmet restricted)
rElec  +         Dismiss  +     x - +2 cloak
rCorr  .         Reflect  .     (gloves unavailable)
SustAt .         Harm     .     (boots unavailable)
MR     ++...                    p - amulet of dismissal
Stlth  ++++++++++               z - +3 ring of dexterity
                                h - +3 ring of evasion

@: very slightly contaminated, wreathed by umbra, very quick, very resistant to
hostile enchantments, uncannily stealthy
A: unfitting armour, see invisible, herbivore 3, speed 3, slow metabolism 2,
MP-powered wands
a: Shadow Step, Shadow Form, Renounce Religion


You were on level 2 of the Orcish Mines.
You worshipped Dithmenos.
Dithmenos was exalted by your worship.
You were not hungry.

You visited 4 branches of the dungeon, and saw 22 of its levels.
You also visited: Sewer.

You collected 1591 gold pieces.
You spent 419 gold pieces at shops.

Inventory:

Hand Weapons
 f - a +2 dagger of speed
 Z - the +8 dagger of the Lair of Beasts (weapon) {drain, rElec Str+2}
   (You found it on level 6 of the Lair of Beasts)

   A truly terrible weapon, it drains the life of those it strikes.
   It affects your strength (+2).
   It insulates you from electricity.
Armour
 x - a +2 cloak (worn)
 P - the +0 robe of Qumakh (worn) {rC+ Str+2}
   (You found it on level 9 of the Dungeon)

   It affects your strength (+2).
   It protects you from cold.
 Q - the +0 buckler "Wuakhlut" (worn) {*Drain rElec Regen+ Slay+4}
   (You bought it in a shop on level 7 of the Dungeon)

   It affects your accuracy and damage with ranged weapons and melee attacks
   (+4).
   It insulates you from electricity.
   It increases your rate of regeneration.
   It causes draining when unequipped.
Jewellery
 e - an uncursed ring of ice
 h - a +3 ring of evasion (left hand)
 n - an uncursed ring of poison resistance
 p - an amulet of dismissal (around neck)
 w - an uncursed ring of magical power
 z - a +3 ring of dexterity (right hand)
 J - a +4 amulet of reflection
 L - a +4 ring of intelligence
 M - an uncursed amulet of faith
 W - an uncursed amulet of guardian spirit
Wands
 b - a wand of disintegration (10/24)
 r - a wand of polymorph (10/24)
 y - a wand of enslavement (10/24)
 B - a wand of disintegration (7/24)
 U - a wand of acid (4/15)
 Y - a wand of disintegration (6/24)
Scrolls
 g - a scroll of enchant armour
 i - 17 scrolls of remove curse
 k - 5 scrolls of teleportation
 A - 4 scrolls of amnesia
 E - 4 scrolls of magic mapping
 K - 3 scrolls of fog
 O - 2 scrolls of blinking
 R - 2 scrolls of recharging
 V - a scroll of fear
Potions
 j - 11 potions of curing
 l - 3 potions of heal wounds
 m - 2 potions of haste
 o - 4 potions of flight
 s - 2 potions of magic
 t - 4 potions of lignification
 u - 6 potions of might
 v - 2 potions of agility
 C - a potion of cancellation
 F - a potion of brilliance
 G - a potion of ambrosia
 H - 3 potions of cure mutation
 N - a potion of invisibility
Books
 c - a book of Maledictions

   Spells                             Type                      Level
   a - Corona                         Hexes                        1
   b - Ensorcelled Hibernation        Hexes/Ice                    2
   c - Confuse                        Hexes                        3
   d - Tukima's Dance                 Hexes                        3
   e - Dazzling Spray                 Conjuration/Hexes            3
 q - a book of Power

   Spells                             Type                      Level
   a - Fulminant Prism                Conjuration/Hexes            4
   b - Iskenderun's Mystic Blast      Conjuration                  4
   c - Venom Bolt                     Conjuration/Poison           5
   d - Bolt of Magma                  Conjuration/Fire/Earth       5
   e - Iron Shot                      Conjuration/Earth            6
   f - Orb of Destruction             Conjuration                  7
   g - Spellforged Servitor           Conjuration/Summoning        7
 D - a book of Enchantments

   Spells                             Type                      Level
   a - Cause Fear                     Hexes                        4
   b - Yara's Violent Unravelling     Hexes/Transmutation          5
   c - Silence                        Hexes/Air                    5
   d - Deflect Missiles               Charms/Air                   6
   e - Haste                          Charms                       6
   f - Discord                        Hexes                        8
 I - a book of Frost

   Spells                             Type                      Level
   a - Freeze                         Ice                          1
   b - Throw Frost                    Conjuration/Ice              2
   c - Ozocubu's Armour               Charms/Ice                   3
   d - Throw Icicle                   Conjuration/Ice              4
   e - Summon Ice Beast               Ice/Summoning                4
 T - a book of Cantrips

   Spells                             Type                      Level
   a - Corona                         Hexes                        1
   b - Animate Skeleton               Necromancy                   1
   c - Summon Small Mammal            Summoning                    1
   d - Apportation                    Translocation                1
 X - a book of Clouds

   Spells                             Type                      Level
   a - Mephitic Cloud                 Conjuration/Poison/Air       3
   b - Conjure Flame                  Conjuration/Fire             3
   c - Poisonous Cloud                Conjuration/Poison/Air       6
   d - Freezing Cloud                 Conjuration/Ice/Air          6
   e - Ring of Flames                 Charms/Fire                  7
Comestibles
 d - 8 bread rations
 S - 3 fruits


   Skills:
 - Level 8.9 Fighting
 - Level 16.2 Short Blades
 - Level 11.0 Dodging
 - Level 12.1 Stealth
 - Level 5.0 Shields
 - Level 12.4 Spellcasting
 - Level 10.0 Hexes
 + Level 7.6 Invocations


You had 21 spell levels left.
You knew the following spells:

 Your Spells              Type           Power        Failure   Level  Hunger
a - Corona                Hex            #####..      1%          1    None
b - Ensorcelled Hibernat  Hex/Ice        ####..       1%          2    None
c - Confuse               Hex            #####...     1%          3    None
d - Tukima's Dance        Hex            #####...     1%          3    None
e - Cause Fear            Hex            #####.....   1%          4    ##.....
f - Dazzling Spray        Conj/Hex       ####....     2%          3    None


Dungeon Overview and Level Annotations

Branches:
Dungeon (11/15)            Temple (1/1) D:7            Lair (8/8) D:9
  Swamp (0/4) Lair:4       Spider (0/4) Lair:4        Slime (0/6) Lair:8
    Orc (2/2) D:11
    Elf: Orc:2

Altars:
Ashenzari
Cheibriados
Dithmenos
Elyvilon
Fedhas
Gozag
Kikubaaqudgha
Makhleb
Nemelex Xobeh
Okawaru
Pakellas
Qazlal
Ru
Sif Muna
Trog
Vehumet
Xom
Yredelemnul
Zin
The Shining One
Beogh

Shops:
D:4 *   D:7 [[(   D:10 [   Orc:2 }:([


Innate Abilities, Weirdness & Mutations

You are tiny and cannot use many weapons and most armour.
You have supernaturally acute eyesight.
You are a herbivore.
You cover ground extremely quickly.
You need consume almost no food.
You expend magic power (3 MP) to strengthen your wands.


Message History

The ogre is severely wounded.
The ogre mage hits you from afar with a spear.
* * * LOW HITPOINT WARNING * * *
The ogre completely misses you. The ogre mage completely misses you.
Unknown command.
You are too injured to fight recklessly!
You are too injured to fight recklessly!
Unknown command.
You catch the helpless ogre completely off-guard!
You skewer the ogre like a kebab!!!
You kill the ogre!
Dithmenos accepts your kill.
You flicker back into view.
You block the ogre mage's attack. You block the ogre's attack.
Unknown command.
You closely miss the ogre.
Your shadow hits the ogre with a dagger.
The ogre mage completely misses you. The ogre mage misses you.
The ogre hits you with a giant spiked club!!
You die...

#................
##.#....#....#...
####.##.#..#....
###.....##...
##.....#....
######..........#
........§§§§.....
........§§§§.....
########§@######
#....§OOO....#
....§.§OO§......
.......§........
....§..∩∩.......
.......∩∩....O..
................
O...............
##............#


You could see 3 ogre magi and 3 ogres.

Vanquished Creatures
  Kirke (Lair:7)
  Maud (Lair:7)
  2 orc warlords
  2 hydras
  12 death yaks
  Nergalle (Lair:3)
  A lindwurm (Lair:7)
  Pikel (D:4)
  3 oklob plants (Lair:8)
  4 griffons
  2 cyclopes
  2 ugly things (D:11)
  3 orc sorcerers (Orc:1)
  8 elephants
  7 black mambas
  A gargoyle (D:10)
  19 spiny frogs
  12 komodo dragons
  5 fire drakes
  A polar bear (Lair:3)
  A wandering mushroom (Lair:3)
  5 giant leeches
  4 trolls (Orc:1)
  Prince Ribbit (D:9)
  11 two-headed ogres
  14 blink frogs
  7 slime creatures
  A boulder beetle (Lair:4)
  Sigmund (D:2)
  3 wyverns
  24 yaks
  3 basilisks
  2 hogs (Lair:7)
  11 hippogriffs
  6 vampire mosquitoes (Lair:8)
  A steam dragon (D:10)
  4 wargs
  15 wolves
  A swamp worm (Lair:4)
  15 water moccasins
  14 porcupines
  3 sky beasts
  22 orc warriors
  A black bear (D:6)
  Purgy (Sewer)
  3 ice beasts
  4 slaves (D:4)
  3 phantoms
  36 ogres
  3 centaurs
  16 crocodiles
  A big kobold (D:11)
  Blork the orc (D:6)
  39 giant frogs
  7 scorpions
  3 killer bees (D:10)
  4 electric eels (Lair:8)
  4 crimson imps
  A giant frog zombie (D:8)
  A centaur zombie (D:8)
  A quasit (D:10)
  2 gnoll shamans
  5 hounds
  A jelly (D:9)
  Crazy Yiuf (D:4)
  2 giant frog skeletons
  10 orc priests
  2 centaur skeletons
  Ijyb (D:2)
  8 iguanas
  12 orc wizards
  15 worker ants
  13 sheep
  A hound zombie (D:8)
  A hound skeleton (D:6)
  Robin (D:2)
  17 gnolls
  A worker ant zombie (D:7)
  12 adders
  112 river rats
  3 shadow imps
  2 oozes
  An adder zombie (D:7)
  An adder skeleton (D:4)
  7 worms
  6 giant geckos
  57 orcs
  2 ball pythons
  12 bats
  13 giant cockroaches
  14 goblins
  13 hobgoblins
  3 quokkas (D:6)
  2 ball python skeletons
  9 giant newts
  13 kobolds
  6 rats
  A plant (Lair:3)
768 creatures vanquished.

Vanquished Creatures (others)
  A human (Lair:7)
  A yak (Lair:7)
  12 fungi
  11 plants
25 creatures vanquished.

Grand Total: 793 creatures vanquished

Notes
Turn   | Place    | Note
--------------------------------------------------------------
     0 | D:1      | kae the Spriggan Enchanter began the quest for the Orb.
     0 | D:1      | Reached XP level 1. HP: 9/9 MP: 5/5
   241 | D:1      | Reached XP level 2. HP: 11/13 MP: 6/6
   593 | D:1      | Reached skill level 5 in Stealth
   748 | D:1      | Learned a level 2 spell: Ensorcelled Hibernation
   762 | D:2      | Reached XP level 3. HP: 13/16 MP: 8/8
  1250 | D:2      | Reached skill level 5 in Hexes
  1264 | D:2      | Reached XP level 4. HP: 21/21 MP: 9/9
  1426 | D:2      | Noticed Robin
  1427 | D:2      | Noticed Ijyb
  1487 | D:2      | Killed Ijyb
  1923 | D:2      | Noticed Sigmund
  1931 | D:2      | Killed Sigmund
  1931 | D:2      | Reached skill level 7 in Hexes
  1931 | D:2      | Reached XP level 5. HP: 24/24 MP: 7/10
  1931 | D:2      | Reached XP level 6. HP: 28/28 MP: 7/11
  2175 | D:2      | Killed Robin
  2509 | D:3      | Found a white marble altar of Elyvilon.
  2524 | D:3      | Reached skill level 8 in Hexes
  2972 | D:4      | Learned a level 3 spell: Confuse
  3011 | D:4      | Found a blossoming altar of Fedhas.
  3089 | D:4      | Noticed Crazy Yiuf
  3107 | D:4      | Killed Crazy Yiuf
  3107 | D:4      | Reached skill level 9 in Hexes
  3183 | D:4      | Reached XP level 7. HP: 32/32 MP: 2/12
  3272 | D:4      | Found an oddly glowing altar of Pakellas.
  3272 | D:4      | Found a glowing golden altar of the Shining One.
  3501 | D:4      | Noticed Pikel
  3503 | D:4      | Reached skill level 10 in Hexes
  4276 | D:4      | Found Wazat's General Store.
  4279 | D:4      | Bought a scroll of remove curse for 33 gold pieces
  4415 | D:4      | Killed Pikel
  4415 | D:4      | Reached XP level 8. HP: 34/36 MP: 6/16
  4468 | D:5      | Entered Level 5 of the Dungeon
  4847 | D:5      | Reached skill level 5 in Spellcasting
  4928 | D:5      | Reached skill level 5 in Short Blades
  4981 | D:5      | Found an opulent altar of Gozag.
  5941 | D:6      | Found a blossoming altar of Fedhas.
  6189 | D:6      | Noticed Blork the orc
  6196 | D:6      | Killed Blork the orc
  6231 | D:6      | Reached XP level 9. HP: 34/39 MP: 9/20
  6382 | D:6      | Found a glowing drain.
  6417 | Sewer    | Entered a sewer
  6498 | Sewer    | Noticed Purgy
  6541 | Sewer    | Killed Purgy
  7303 | D:7      | Found a radiant altar of Vehumet.
  7353 | D:7      | Found Gaujefash's Armour Emporium.
  7376 | D:7      | Found Kenexzewn's Armour Emporium.
  7500 | D:7      | Noticed a cyclops
  7789 | D:7      | Killed a cyclops
  7870 | D:7      | Found a staircase to the Ecumenical Temple.
  7905 | D:7      | Found Wamnoce's Weapon Shoppe.
  8145 | Temple   | Entered the Ecumenical Temple
  8391 | Temple   | Became a worshipper of Dithmenos the Shadowed
  8906 | D:9      | Noticed a fire drake
  8906 | D:9      | Found a staircase to the Lair.
  8912 | D:9      | Noticed Prince Ribbit
  8915 | D:9      | Killed Prince Ribbit
  8922 | D:9      | Killed a fire drake
  8922 | D:9      | Reached XP level 10. HP: 44/44 MP: 21/24
  9030 | D:9      | Reached skill level 10 in Stealth
  9042 | D:9      | Reached skill level 10 in Spellcasting
  9045 | D:9      | Reached * piety under Dithmenos
  9641 | D:9      | Got an ancient robe
  9652 | D:9      | Identified the cursed +0 robe of Qumakh {rC+ Str+2} (You found it on level 9 of the Dungeon)
  9680 | Lair:1   | Entered Level 1 of the Lair of Beasts
  9790 | Lair:1   | Noticed a black mamba
  9793 | Lair:1   | Killed a black mamba
  9793 | Lair:1   | Reached skill level 11 in Spellcasting
  9867 | Lair:1   | Reached skill level 10 in Short Blades
  9973 | Lair:1   | Noticed a spiny frog
  9975 | Lair:1   | Killed a spiny frog
  9975 | Lair:1   | Reached XP level 11. HP: 40/47 MP: 22/27
 10085 | Lair:1   | Reached ** piety under Dithmenos
 10807 | Lair:2   | Reached skill level 12 in Spellcasting
 10869 | Lair:2   | Noticed a griffon
 10991 | Lair:2   | Killed a griffon
 11430 | Lair:2   | Reached *** piety under Dithmenos
 11430 | Lair:2   | Reached skill level 1 in Fighting
 11555 | Lair:2   | Reached skill level 1 in Shields
 11598 | Lair:2   | Found a blossoming altar of Fedhas.
 11928 | D:7      | Bought the +0 buckler "Wuakhlut" {*Drain rElec Regen+ Slay+4} for 386 gold pieces
 12134 | Lair:3   | Noticed Nergalle
 12260 | Lair:3   | Noticed a death yak
 12260 | Lair:3   | Noticed a death yak
 12265 | Lair:3   | Noticed a death yak
 12266 | Lair:3   | Noticed a death yak
 12268 | Lair:3   | Noticed a death yak
 12269 | Lair:3   | Noticed a death yak
 12345 | Lair:2   | Killed a death yak
 12761 | Lair:2   | Killed a death yak
 13005 | Lair:2   | Killed a death yak
 13005 | Lair:2   | Reached XP level 12. HP: 39/58 MP: 21/29
 13077 | Lair:2   | Killed a death yak
 13077 | Lair:2   | Reached **** piety under Dithmenos
 13137 | Lair:2   | Killed a death yak
 13146 | Lair:2   | Killed a death yak
 13146 | Lair:2   | Reached skill level 5 in Fighting
 13362 | Lair:3   | Reached skill level 5 in Shields
 13925 | Lair:3   | Killed Nergalle
 14259 | Lair:4   | Found a hole to the Spider Nest.
 14466 | Lair:4   | Found a staircase to the Swamp.
 14913 | Lair:4   | Noticed an eight-headed hydra
 14920 | Lair:4   | Killed an eight-headed hydra
 15442 | Lair:5   | Reached skill level 5 in Dodging
 16096 | Lair:6   | Noticed a seven-headed hydra
 16110 | Lair:6   | Killed a seven-headed hydra
 16167 | Lair:6   | Reached ***** piety under Dithmenos
 16829 | Lair:6   | Got a twisted dagger
 16830 | Lair:6   | Identified the +8 dagger of the Lair of Beasts {drain, rElec Str+2} (You found it on level 6 of the Lair of Beasts)
 16879 | Lair:7   | Noticed Kirke
 16886 | Lair:7   | Killed Kirke
 16886 | Lair:7   | Reached skill level 13 in Short Blades
 16886 | Lair:7   | Reached XP level 13. HP: 66/66 MP: 28/30
 17434 | Lair:7   | Noticed Maud
 17442 | Lair:7   | Killed Maud
 17549 | Lair:7   | Reached skill level 14 in Short Blades
 18278 | Lair:8   | Entered Level 8 of the Lair of Beasts
 18562 | Lair:8   | Reached skill level 15 in Short Blades
 18652 | Lair:8   | Reached XP level 14. HP: 64/73 MP: 31/31
 18661 | Lair:8   | Reached skill level 10 in Dodging
 19213 | Lair:8   | Found a staircase to the Slime Pits.
 19612 | Lair:8   | Found a burning altar of Makhleb.
 19842 | Lair:1   | Learned a level 3 spell: Tukima's Dance
 19847 | Lair:1   | Learned a level 4 spell: Cause Fear
 19851 | Lair:1   | Learned a level 3 spell: Dazzling Spray
 19897 | D:10     | Entered Level 10 of the Dungeon
 20001 | D:10     | Reached ****** piety under Dithmenos
 20013 | D:10     | Reached skill level 1 in Invocations
 20177 | D:10     | Found Pavivvup's Armour Emporium.
 20820 | D:11     | Reached skill level 16 in Short Blades
 20953 | D:11     | Found a staircase to the Orcish Mines.
 20954 | D:11     | Found a roughly hewn altar of Beogh.
 21349 | Orc:1    | Entered Level 1 of the Orcish Mines
 21637 | Orc:2    | Entered Level 2 of the Orcish Mines
 21647 | Orc:2    | Noticed an orc warlord
 21665 | Orc:2    | Killed an orc warlord
 21789 | Orc:1    | Noticed an orc warlord
 21849 | Orc:1    | Reached skill level 5 in Invocations
 22144 | Orc:1    | Gained mutation: You expend magic power (3 MP) to strengthen your wands. [a neqoxec]
 22152 | Orc:1    | Killed an orc warlord
 22486 | Orc:2    | Found Xeaxtiy's Gadget Emporium.
 22486 | Orc:2    | Found Wuga's Antique Weapon Shop.
 22487 | Orc:2    | Found Ydoweeveck's Book Shop.
 22487 | Orc:2    | Found Ydan's Antique Armour Shoppe.
 22561 | Orc:2    | Mangled by an ogre

Vault maps used:
D:1:      mushboom_english_gardens
D:2:      uniq_iyjb, uniq_sigmund, uniq_robin
D:3:      first_bread, elyvilon_altar_5
D:4:      gammafunk_temple_overflow_elements, old_standard_altar, serial_shops,
          nicolae_shop_window_shopping, uniq_pikel, uniq_crazy_yiuf_cottage
D:5:      kennysheep_mini, hangedman_abyss_or_decor_lesser_grid
D:6:      basic_altar, gup_sewer_entry_pipe, amalloy_card_club,
          uniq_blork_the_orc
D:7:      nicolae_overflow_crystal_walls, minmay_temple_entry_poolview,
          serial_shops, nicolae_shop_waterfront, nicolae_shop_window_shopping,
          shop
D:9:      minmay_lair_entry_lava, uniq_prince_ribbit1
D:10:     serial_shops, shop
D:11:     david_orc_5
Temple:   minmay_temple_curvy_14
Lair:2:   basic_altar, st_stairs_13, grunt_megastairs_3
Lair:3:   minmay_lair_oklob_items, uniq_nergalle
Lair:4:   minmay_swamp_entry_worms, nicolae_spider_entry_non_spiders,
          lemuel_fruit_tree
Lair:6:   infiniplex_staircase_pool_2
Lair:7:   serial_bayou_ford_a, beast_lair_carwin_4, uniq_maud, uniq_kirke
Lair:8:   minmay_lair_end_frog_pond, minmay_slime_entry_oklob_open,
          nicolae_lair_grove_arrangements, lemuel_oklob_altar
Orc:2:    st_orc_ogre_mass
Sewer:    sewer_big_baddie

Action                   |  1- 3 |  4- 6 |  7- 9 | 10-12 | 13-15 || total
-------------------------+-------+-------+-------+-------+-------++-------
Melee: Dagger            |    88 |   165 |   290 |   564 |   997 ||  2104
 Cast: Ensorcelled Hiber |     5 |    34 |    99 |   262 |    88 ||   488
       Confuse           |       |     1 |    10 |     6 |    10 ||    27
       Corona            |       |       |       |     1 |       ||     1
Invok: Shadow Step       |       |       |       |       |     1 ||     1
Evoke: Wand              |       |       |       |     2 |     1 ||     3
  Use: Scroll            |       |       |    18 |    14 |     9 ||    41
       Potion            |       |       |       |     2 |     2 ||     4
 Stab: Sleeping          |    14 |    36 |    84 |   209 |    87 ||   430
       Confused          |       |     2 |     7 |     4 |     9 ||    22
       Distracted        |       |       |     2 |     4 |    12 ||    18
       Invisible         |       |       |       |       |    38 ||    38
  Eat: Pizza             |       |     1 |       |     1 |     2 ||     4
       Fruit             |       |       |     2 |     5 |     9 ||    16
       Bread ration      |       |       |     1 |       |       ||     1
